Cogmind - Beta 13 @@@ ROGUE MODE // 2024.04.02 @ 15:42:44 Player: Mantreise Result: Smashed by cave-in Performance ------------- Evolutions (0) 0 Regions Visited (1) 200 Robots Destroyed (22) 110 Value Destroyed (388) 388 Prototype IDs (0) 0 Alien Tech Used (0) 0 Bonus (0) 0 TOTAL SCORE: 698 Bonus ------- None Cogmind --------- Core Integrity 0/250 Matter 295/300 Energy 100/100 System Corruption 33% Temperature Cool (0) Movement Core (50) Location -10/Materials Parts ------- > --- POWER (1) -------- (None) > --- PROPULSION (2) --- (None) > --- UTILITY (2) ------ (None) > --- WEAPON (2) ------- (None) > --- INVENTORY (5) ---- Light Ion Engine Peak State ------------ > --- POWER ------------ Ion Engine > --- PROPULSION ------- Light Treads Light Treads > --- UTILITY ---------- Propulsion Shielding Hacking Suite > --- WEAPON ----------- Light Assault Rifle Light Assault Rifle > --- INVENTORY -------- Ion Engine Light Ion Engine Small Matter Pod [Rating: 9] Favorites ----------- Power Ion Engine Engine Ion Engine Propulsion Light Treads Treads Light Treads Leg Aluminum Leg Hover Unit Hover Unit Utility Hacking Suite Storage Small Storage Unit Processor Signal Interpreter Hackware Hacking Suite Protection Propulsion Shielding Weapon Light Assault Rifle Energy Cannon Beam Cannon Ballistic Gun Light Assault Rifle Special Weapon Mining Laser Build | -11 -10 ------- Run | Yrd Mat Slots Evolved . | . . Power . | . . Propulsion . | . . Utility . | . . Weapon . | . . Parts Attached 22 | 7 15 Power 4 | 1 3 Engine 4 | 1 3 Core . | . . Reactor . | . . Propulsion 6 | 2 4 Treads 2 | 2 . Leg 1 | . 1 Wheel . | . . Hover 3 | . 3 Flight . | . . Utility 5 | 2 3 Device . | . . Storage 2 | 2 . Processor 1 | . 1 Hackware 1 | . 1 Protection 1 | . 1 Artifact . | . . Weapon 7 | 2 5 Energy Gun . | . . Energy Cannon 3 | . 3 Ballistic Gun 3 | 2 1 Ballistic Cannon . | . . Launcher . | . . Special Weapon 1 | . 1 Impact Weapon . | . . Slashing Weapon . | . . Piercing Weapon . | . . Special Melee Weapon . | . . Unidentified Prototypes . | . . Parts Lost 10 | . 10 Power 3 | . 3 Propulsion 2 | . 2 Utility 2 | . 2 Weapon 3 | . 3 Highest Loss Streak 6 | . 6 To Critical Strikes . | . . Average Slot Usage (%) 90 | . 90 Engine 12 | . 12 Treads 16 | . 16 Hover 8 | . 8 Storage 2 | . 2 Processor 5 | . 5 Hackware 10 | . 10 Protection 6 | . 6 Energy Cannon 6 | . 6 Ballistic Gun 19 | . 19 Naked Turns 3 | . 3 Heaviest Build 14 | 14 14 Greatest Support 40 | 40 40 Greatest Overweight (x) 1 | . 1 Average Overweight (x) . | . . Largest Inventory Capacity 8 | 8 8 Average Capacity 6 | 7 5 Most Carried 5 | 3 5 Average Carried 2 | . 2 Final Capacity 8 | 8 5 Final Carried 1 | 1 1 Class Distribution -------------------- 81% | Mutant 18% | Scavenger-Mutant Dominant Class ---------------- Mutant | -10/Materials Resources | -11 -10 ----------- Run | Yrd Mat Matter Collected 594 | 360 234 Remotely . | . . Salvage Created 890 | 183 707 Parts 52 | 11 41 Haulers Intercepted 2 | . 2 Recyclers Shooed 1 | . 1 Parts Field Recycled . | . . Retrieved Matter . | . . Parts Self-Destructed . | . . Prevented . | . . Kills | -11 -10 ------- Run | Yrd Mat Combat Hostiles Destroyed 8 | . 8 Guns 5 | . 5 Cannons 3 | . 3 Classes Destroyed 7 | 3 4 Worker 3 | 3 . Tunneler 2 | 2 . Hauler 2 | . 2 Recycler 3 | 1 2 Operator 1 | . 1 Watcher 3 | . 3 Grunt 8 | . 8 Best Kill Streak 3 | 2 3 Combat Bots Only 2 | . 2 Max Kills in Single Turn 1 | 1 1 Gunslinging . | . . Exploded . | . . Melee . | . . Uniques/NPCs Destroyed . | . . Combat | -11 -10 -------- Run | Yrd Mat Hostile Shots Fired 53 | . 53 Missed 15 | . 15 Damage Taken 1164 | . 1164 Core 283 | . 283 Absorbed by Shields . | . . Redirected to Shielding 9 | . 9 Core Remaining (%) 100 | 100 . Volleys Fired 104 | 25 79 Largest 2 | 2 2 Hottest 120 | 40 120 Shots Fired 173 | 50 123 Gun 131 | 50 81 Cannon 40 | . 40 Launcher . | . . Special 2 | . 2 Kinetic 131 | 50 81 Thermal 42 | . 42 Explosive . | . . Electromagnetic . | . . Robot Hit Streak 9 | 4 9 Robot Miss Streak 3 | 2 3 Penetration Max . | . . Secondary Targets . | . . Shots Hit Robots 93 | 20 73 Core Hits 36 | 8 28 Critical Kills . | . . Critical Parts Destroyed . | . . Critical Strikes . | . . Melee Attacks . | . . Impact . | . . Slashing . | . . Piercing . | . . Sneak Attacks . | . . Combat Hostiles . | . . Follow-up Attacks . | . . Damage Inflicted 1086 | 251 835 Guns 757 | 251 506 Cannons 329 | . 329 Explosions . | . . Melee . | . . Ramming . | . . Kinetic 757 | 251 506 Thermal 329 | . 329 Explosive . | . . Electromagnetic . | . . Impact . | . . Slashing . | . . Piercing . | . . Highest Corruption 33 | . 33 Average Corruption 15 | . 15 Corruption Purged . | . . Corruption Blocked . | . . Effects 4 | . 4 Matter Fused 3 | . 3 Heat Flow Errors 1 | . 1 Overload Shots . | . . Overflow Damage 8 | . 8 Projectiles 8 | . 8 Explosions . | . . Melee . | . . Knockbacks . | . . Impact . | . . Kinetic . | . . Secondary . | . . Self-Inflicted Damage . | . . Shots . | . . Rammed . | . . Targets Rammed . | . . Kicked . | . . Crushed . | . . Highest Temperature 312 | . 312 Average Temperature 70 | . 70 Received Heat Transfer 243 | . 243 Siege Activations . | . . Robots Corrupted . | . . Combat Hostiles . | . . Parts Fried . | . . Impact Corruptions . | . . Robots Melted . | . . Combat Hostiles . | . . Parts Melted 1 | . 1 Heat Transferred 703 | . 703 Parts Sabotaged . | . . Parts Stolen . | . . Parts Stripped . | . . Power Chain Reactions . | . . Alert | -11 -10 ------- Run | Yrd Mat Peak Influence 163 | 25 163 Initial 3 | . 3 Average 51 | 15 70 Maximum Alert Level . | . . Low Security (%) 100 | 100 100 Level 1 . | . . Level 2 . | . . Level 3 . | . . Level 4 . | . . Level 5 . | . . High Security . | . . Max Security . | . . Squads Dispatched 5 | . 5 Investigation 4 | . 4 Extermination . | . . Reinforcement 1 | . 1 Assault . | . . Garrison . | . . Intercept . | . . Searches Triggered . | . . Construction Impeded . | . . Haulers Reinforced . | . . Active Scanning Responses . | . . Cargo Convoy Interrupts . | . . Stealth | -11 -10 --------- Run | Yrd Mat Distress Signals . | . . Communications Jammed . | . . Distress Signals . | . . Times Spotted 15 | . 15 Peak Tracking Total 2 | . 2 Tactical Retreats . | . . Traps | -11 -10 ------- Run | Yrd Mat Traps Triggered 3 | . 3 Indirectly . | . . Trap Hack Attempts . | . . Triggered . | . . Disarmed . | . . Reprogrammed 4 | . 4 Reused 1 | . 1 Traps Extracted . | . . Installed . | . . Triggered 1 | . 1 Machines | -11 -10 ---------- Run | Yrd Mat Machines Disabled . | . . Max in Single Turn . | . . Machines Repaired . | . . Machines Dismantled . | . . Machines Sabotaged . | . . Overloaded Fab Kills . | . . Hacking | -11 -10 --------- Run | Yrd Mat Machines Accessed 8 | . 8 Terminals 7 | . 7 Fabricators . | . . Repair Stations . | . . Recycling Units 1 | . 1 Scanalyzers . | . . Garrison Access . | . . Total Hacks 22 | . 22 Successful 12 | . 12 Failed 10 | . 10 Catastrophic 1 | . 1 Database Lockouts . | . . Manual 12 | . 12 Terminals 20 | . 20 Fabricators . | . . Repair Stations . | . . Recycling Units 2 | . 2 Scanalyzers . | . . Garrison Access . | . . Terminal Hacks 7 | . 7 Record 4 | . 4 Locate Traps 1 | . 1 Reprogram Traps 1 | . 1 Zone Layout 1 | . 1 Fabricator Hacks . | . . Repair Station Hacks . | . . Recycling Unit Hacks . | . . Scanalyzer . | . . Garrison Access Hacks . | . . Unauthorized Hacks 5 | . 5 Terminals 5 | . 5 Botnet 5 | . 5 Fabricators . | . . Repair Stations . | . . Recycling Units . | . . Scanalyzers . | . . Garrison Access . | . . Data Cores Recovered . | . . Used . | . . Hacking Detections 8 | . 8 Full Trace Events 4 | . 4 Feedback Events . | . . Feedback Blocked . | . . Robot Schematics Acquired . | . . Robots Built . | . . Authchips . | . . Time . | . . Total Robot Build Rating . | . . Part Schematics Acquired . | . . Parts Built . | . . Authchips . | . . Time . | . . Total Part Build Rating . | . . Parts Repaired . | . . Time . | . . Parts Recycled . | . . Recycled Matter . | . . Retrieved Matter . | . . Retrieved Components . | . . Parts Scanalyzed . | . . Part Schematics Acquired . | . . Parts Damaged . | . . Bothacking | -11 -10 ------------ Run | Yrd Mat Used RIF Installer . | . . Robots Hacked . | . . Non-combat . | . . Combat . | . . Robot Hacks Applied . | . . Relay Couplers Released . | . . Fabnet Peak Effective % . | . . Robots Rewired . | . . Allies Hacked . | . . Hacks Repelled . | . . Allies | -11 -10 -------- Run | Yrd Mat Total Allies . | . . Largest Group . | . . Highest-Rated Group . | . . Highest-Rated Ally . | . . Total Orders . | . . Ally Attacks . | . . Total Damage . | . . Kills . | . . Allies Corrupted . | . . Allies Melted . | . . Intel | -11 -10 ------- Run | Yrd Mat Robot Analysis Total . | . . Derelict Logs Recovered . | . . Drone Launches . | . . Drone Recoveries . | . . Exploration | -11 -10 ------------- Run | Yrd Mat Turns Passed 1411 | 473 938 Spaces Moved 799 | 249 550 Core 17 | 8 9 Treads 539 | 241 298 Legs 17 | . 17 Wheels . | . . Hover 226 | . 226 Flight . | . . Fastest Speed 50 | 50 50 Average Speed 127 | 156 114 Slowest Speed 160 | 160 160 Overloaded Moves . | . . Propulsion Burnouts . | . . Robots Hopped . | . . Cave-ins Triggered 8 | . 8 Exploration Rate (%) 41 | 12 70 Regions Visited 1 Branch Regions . Pre-discovered Areas . | . . Known Exits Taken . | . . Unknown Exits Taken 1 | 1 . Scrap Searched . | . . Spaces Dug 2 | . 2 Terrain Destroyed 2 | . 2 Melee . | . . Projectile 2 | . 2 AOE . | . . Terrain Rammed . | . . Walls Destroyed . | . . Machines Disabled . | . . Actions | -11 -10 --------- Run | Yrd Mat Total 1033 | 288 745 Wait 80 | . 80 Move 798 | 248 550 Hop . | . . Pick Up 19 | 8 11 Fast Attach 4 | . 4 Attach 12 | 7 5 Detach . | . . Swap 6 | . 6 Drop 10 | . 10 Fire 104 | 25 79 Melee . | . . Ram . | . . Kick . | . . Crush . | . . Escape Stasis . | . . Rewire . | . . Trap . | . . Miscellaneous . | . . Route ------- -11/Scrapyard -10/Materials (discovered 3 exits: *Mat x2 / [*Min]) History --------- Turn | Location | Event 15 | -11/Scrapyard | Discovered new exit (range 16) 474 | -11/Scrapyard | Entered Materials 475 | -10/Materials | Build established: Mutant 765 | -10/Materials | Discovered new exit (range 8) 1160 | -10/Materials | Discovered new exit (range 16) 1216 | -10/Materials | Identified exit to Materials 1268 | -10/Materials | Discovered exit to Materials (range 14) 1323 | -10/Materials | Crushed by falling debris 1323 | -10/Materials | Core integrity fell below 50% 1323 | -10/Materials | System corruption reached 10% 1376 | -10/Materials | Crushed by falling debris 1381 | -10/Materials | Crushed by falling debris 1397 | -10/Materials | Crushed by falling debris 1407 | -10/Materials | Crushed by falling debris 1410 | -10/Materials | Crushed by falling debris 1410 | -10/Materials | Core integrity fell below 20% 1410 | -10/Materials | System corruption reached 30% 1411 | -10/Materials | Crushed by falling debris 1413 | -10/Materials | Crushed by falling debris 1413 | -10/Materials | Smashed by cave-in Last Messages --------------- Hover Unit destroyed. System corrupted by crushing effect (+2). System corrupted: Matter fused (-6). The unstable cave ceiling collapses. Crushed by falling debris. Hover Unit destroyed. System corrupted by crushing effect (+5). The unstable cave ceiling collapses. Crushed by falling debris. Ion Engine destroyed. System corrupted by crushing effect (+3). The unstable cave ceiling collapses. Crushed by falling debris. Beam Cannon destroyed. System corrupted by crushing effect (+4). The unstable cave ceiling collapses. Crushed by falling debris. System corrupted: Matter fused (-5). The unstable cave ceiling collapses. Crushed by falling debris. Map ----- +----------------------------------------------------+ | ! ## ^ ### #???? | | ]% ## ###### ##############?# #???? | | ## ##???## ## #?###### #???? | | ##+### #????# ## #?# # #???? | | #????# ## === #?# # #???? | | T #????# ## === #?# # #???? | | #???## ## === #?# ] # #???? | | ###### #???# ##+######## + #???? | | ####?#######???# % + # #???? | | #???????????# # # #???? | | #???????????# # # #???? | | #???????????# ########+####### #???? | | #???????????#######??# #?# #???? | | #????????????????????# ### #???? | | #???????###??????????# """ #"" #???? | | !#??????? #??????????# """/ #"" #???? | | ####??????## ##?????????# """ #"T ##??? | | ####??????# ########### """ #"" "#??? | | #??????# + != ! # """ "T" #"" T#??? | | #??????# # != # """ ### "#??? | | #??????# # == ###########?# ##??? | | #??????# # #???????????# #???? | | #??????# # " " #?########### ##??? | | ! ##??##### + "T" #?# # ##??? | | ! #???# # """ ### !# ##??? | | ! #???# # # #@# # ##??? | | #???# # ############# ] * + % ##??? | | #????##?# # #?????# """ ]!* # ##??? | | #???????# #"" #?????# """ ]! # ##??? | | ##??????# #"" #?????# """ # ##??? | | ######## #"T #?????# # ##??? | | !%* #"" #?????########### #???? | | #"" #???????????????# #???? | | + #???????????????# #???? | | ######## # #???????????????# #???? | | ####??????# # """ #???????????????# #???? | | ??????????# # """ #???????????????# #???? | | ??????????# # """ #???????????????# #???? | | ??????????# # #???????????????# #???? | | ??????????# #######???????????????# #???? | | ??????????# #?????????????????????# #???? | | ??????????# = #?????????????????????# #???? | | ??????????#!%[#?????????????????????# #???? | | ??????????# = #?????????????????????# #???? | | ??????????# #?????????????????????# #???? | | ??????????# < #?????????????????????#####???? | | ??????????# #?????????????????????????????? | | ??????????#####?????????????????????????????? | | ????????????????????????????????????????????? | | ????????????????????????????????????????????? | +----------------------------------------------------+ Best States ------------- Heat Dissipation 25 Energy Generation 10 Energy Capacity 250 Matter Stores 350 Matter Capacity 350 Sight Range 16 Terrain Scan Density 10 Propulsion Shielding 33 Evasion (%) 53 Recoil Reduction 2 Offensive Hacking 10 Item Schematics ----------------- None Robot Schematics ------------------ None Fabricated ------------ Nothing Alien Tech Used ----------------- None Achievements -------------- None Challenges ------------ None Game ------ Seed SeismicAlloyTendrils Manual? 0 Play Time 00:15:50 Cumulative 10.2 hours Start 2024.04.02 @ 15:25:51 End 2024.04.02 @ 15:42:44 Sessions 1 Manual Loads 0 Difficulty Rogue Special Mode None Game No. 10 Rogue 8 Adventurer 2 Explorer 0 Win Type - Total 0 Types 0/0/0/0/0/0/0/0/0 Lore% 9 Gallery% 18 Achievement% 20 Wizard Run 0 Options --------- Layout 0 ASCII 0 Keyboard 0 Movement Mouse Keybinds 0 Fullscreen 1 Font 18/SmallcapsGlow Map View 38x25 Zoom Use 97% Tactical HUD 0 Map Filters NONE Filters NONE Steam 1 RUN: b4080ece-d13a-4284-bd29-186dc0f8aa5c